AoeStats
← pooh

Arabia

507854875Analyzed
1v1 RM · 13d ago on Sep 19, 2026· 58m 7s· 2 players
Game mode
Random Map
Map size
Tiny (2 player)
Population
200
Speed
Normal
Resources
Standard
Victory
Conquest
Starting age
Dark Age
Ending age
Imperial Age
RankedLock teamsTeams togetherTeam positionsShared explorationLock speedFull tech treeHidden civsTurbo modeCheats
Victory
Defeat
🇸🇮 Byzantines · Slovenia
1345
+16
🇨🇴 Bohemians · Colombia
1340
-16
Máximo Décimo Meridio
5:09 Loom
10:52 Feudal Age
11:22 Double-Bit Axe
17:22 Wheelbarrow
20:03 Castle Age
19:58 Horse Collar
20:21 Town Watch
21:08 Heavy Plow
25:54 Fervor
27:19 Forging
27:11 Scale Mail Armor
27:42 Redemption
29:11 Sanctity
32:17 Imperial Age
33:34 Chemistry
33:22 Block Printing
34:25 Conscription
34:59 Bow Saw
36:50 Pikeman
37:59 Chain Mail Armor
42:32 Fletching
44:03 Light Cavalry
44:54 Scale Barding Armor
44:23 Elite Hussite Wagon
45:16 Husbandry
46:13 Chain Barding Armor
48:20 Iron Casting
55:08 Halberdier
55:50 Squires
57:23 Plate Mail Armor
pooh
7:13 Loom
9:14 Feudal Age
9:59 Double-Bit Axe
10:09 Horse Collar
19:45 Castle Age
18:06 Fletching
19:39 Gold Mining
20:42 Bow Saw
20:14 Crossbowman
21:19 Bodkin Arrow
24:47 Heavy Plow
25:24 Gold Shaft Mining
27:06 Wheelbarrow
28:33 Hand Cart
28:50 Padded Archer Armor
35:01 Imperial Age
31:57 Elite Skirmisher
32:44 Thumb Ring
33:09 Leather Archer Armor
34:09 Ballistics
36:06 Conscription
36:56 Chemistry
37:38 Ring Archer Armor
37:10 Bracer
36:32 Arbalester
37:46 Ring Archer Armor
37:44 Light Cavalry
38:32 Scale Barding Armor
38:38 Forging
37:54 Pikeman
38:48 Forging
39:33 Conscription
39:13 Halberdier
39:39 Arson
39:56 Squires
40:03 Hussar
40:43 Husbandry
42:35 Iron Casting
42:01 Scale Mail Armor
44:12 Two-Man Saw
43:46 Crop Rotation
45:02 Chain Mail Armor
45:32 Scale Barding Armor
45:42 Guilds
46:26 Plate Mail Armor
47:01 Chain Barding Armor
47:37 Hoardings
47:52 Logistica
49:28 Plate Barding Armor
48:16 Elite Cataphract
54:50 Stone Mining
55:40 Gold Shaft Mining
Connection lost

Rejoining the realm…

Still unreachable

The connection could not be restored.

Session expired

The server has moved on; the page needs a fresh start.